AoeStats
← KootH.

African Clearing

506997126Analyzed
4v4 RM · 15d ago on Sep 16, 2026· 41m 50s· 8 players
Game mode
Random Map
Map size
Large (8 player)
Population
200
Speed
Normal
Resources
Standard
Victory
Conquest
Starting age
Dark Age
Ending age
Imperial Age
RankedLock teamsTeams togetherTeam positionsShared explorationLock speedFull tech treeHidden civsTurbo modeCheats
Victory
Defeat
🇨🇳 Magyars · China
1655
+18
🇨🇦 Huns · Canada
1623
+19
🇨🇴 Dravidians · Colombia
1532
+23
🇨🇴 Persians · Colombia
1405
+27
🇺🇸 Koreans · United States
1789
-25
🇺🇸 Persians · United States
1759
-24
🇭🇰 Vietnamese · Hong Kong SAR China
1634
-20
🇺🇸 Saracens · United States
1584
-18
Astronomical
14:20 Feudal Age
14:34 Loom
18:06 Castle Age
16:45 Gold Mining
19:28 Double-Bit Axe
39:17 Wheelbarrow
39:01 Town Watch
39:41 Fletching
41:06 Bodkin Arrow
44:42 Imperial Age
KootH.
8:32 Loom
11:01 Feudal Age
10:10 Loom
12:06 Double-Bit Axe
13:35 Horse Collar
15:46 Forging
21:33 Castle Age
20:41 Bloodlines
20:34 Gold Mining
22:02 Husbandry
22:21 Bow Saw
31:42 Wheelbarrow
31:21 Heavy Plow
33:58 Hand Cart
38:51 Imperial Age
38:08 Iron Casting
37:24 Fletching
37:35 Padded Archer Armor
37:52 Scale Barding Armor
38:32 Heavy Camel Rider
40:21 Blast Furnace
39:58 Light Cavalry
41:01 Hussar
41:50 Cavalier
小白
4:33 Loom
12:35 Feudal Age
13:04 Double-Bit Axe
15:48 Scale Barding Armor
17:01 Wheelbarrow
19:04 Stone Mining
21:22 Castle Age
19:31 Gold Mining
21:20 Bloodlines
22:15 Husbandry
22:28 Bow Saw
27:59 Chain Barding Armor
29:32 Horse Collar
30:18 Heavy Plow
30:54 Gold Shaft Mining
32:26 Corvinian Army
33:40 Hand Cart
35:39 Ballistics
38:46 Imperial Age
38:36 Fletching
40:07 Plate Barding Armor
39:54 Conscription
39:41 Elite Magyar Huszar
41:51 Two-Man Saw
41:00 Bodkin Arrow
42:59 Crop Rotation
Aron
13:04 Feudal Age
13:21 Loom
18:01 Castle Age
16:31 Double-Bit Axe
17:41 Fletching
19:24 Bodkin Arrow
31:45 Ballistics
37:20 Thumb Ring
38:33 Wheelbarrow
38:11 Bow Saw
37:42 Horse Collar
38:24 Husbandry
38:35 Bloodlines
40:16 Hand Cart
43:53 Imperial Age
41:35 Horse Collar
BomBomB0
12:55 Feudal Age
11:28 Loom
16:48 Castle Age
15:35 Double-Bit Axe
15:31 Horse Collar
16:51 Forging
18:24 Bow Saw
18:17 Town Watch
19:50 Scale Barding Armor
24:30 Town Watch
29:31 Husbandry
32:51 Wheelbarrow
33:03 Bloodlines
34:37 Chain Barding Armor
34:44 Hand Cart
34:31 Heavy Plow
42:01 Imperial Age
41:58 Gold Mining
41:59 Stone Mining
41:46 Heavy Camel Rider
嗚
11:39 Feudal Age
11:12 Loom
12:23 Double-Bit Axe
16:04 Fletching
23:51 Castle Age
28:37 Castle Age
27:01 Stone Mining
27:02 Gold Mining
29:31 Bodkin Arrow
33:31 Bow Saw
36:48 Wheelbarrow
37:59 Stone Shaft Mining
KaLong
3:36 Loom
15:21 Feudal Age
21:01 Castle Age
19:30 Double-Bit Axe
23:32 Scale Barding Armor
23:37 Forging
27:09 Forging
31:58 Bow Saw
37:10 Fletching
38:13 Horse Collar
39:14 Wheelbarrow
41:33 Hand Cart
Morris=w=
6:07 Loom
13:35 Feudal Age
17:22 Castle Age
15:23 Double-Bit Axe
16:57 Fletching
17:24 Gold Mining
18:20 Bow Saw
19:41 Bodkin Arrow
26:28 Ballistics
30:26 Padded Archer Armor
31:05 Husbandry
34:28 Wheelbarrow
35:32 Bloodlines
35:42 Town Watch
35:49 Horse Collar
38:32 Leather Archer Armor
38:49 Hand Cart
39:47 Stone Mining
43:26 Imperial Age
Connection lost

Rejoining the realm…

Still unreachable

The connection could not be restored.

Session expired

The server has moved on; the page needs a fresh start.